Description

BIG ALL-IN STALKER!!

Build Order

Get SALT Encoding   

  12  0:00  Probe  
  13  0:14  Pylon  P
  14  0:16  Probe (Chrono Boost)  
  16  0:26  Probe (Chrono Boost)  
  16  0:34  Gateway  1° Gate
  16  0:38  Probe (Chrono Boost)  
  17  0:44  Assimilator  1° Assimilator
  20  0:50  Assimilator  2° Assimilator
  18  0:53  Probe  
  19  1:01  Probe  
  20  1:08  Probe  
  21  1:21  Probe  
  21  1:24  Cybernetics Core  Cybernetics Core
  21  1:27  Pylon  P
  23  1:56  Warp Gate (Chrono Boost)  "Warp Gate"
  27  2:03  Twilight Council  Twilight
  33  2:04  Robotics Facility  Robotics
  23  2:12  Stalker  -
  20  2:28  Gateway  2° Gateway
  36  2:35  Gateway  3° Gateway
  36  2:43  Blink (Chrono Boost)  "Blink"
  54  2:58  Gateway  4° Gateway
  42  3:05  Warp Prism  Warp Prism
  46  3:17  Pylon  P
  42  3:25  Pylon  AFTER THAT JUST STALKER
Spawning Tool Build Advisor. Get it on Overwolf

Analysis

BIG ALL-IN STALKER!!

Go to:

Details

  • Created by: Balthazert
  • Published on: May 24, 2023
  • Modified on: May 28, 2023
  • Patch: 5.0.11
  • Difficulty: Medium
Show
View Real Time Build Order
Export as new Build Order

Comments (0)

There are no comments. Be the first!

Create an account to comment!